FIQ, neutral male scurrid Tourist ----- |...| |...| |ur.| |.... ----- FIQ the Rambler Experience level: 1 Strength: 15 Dexterity: 11 Constitution: 14 Intelligence: 12 Wisdom: 10 Charisma: 13 Health: 0(9) Energy: 2(2) Def: 0 Gold: 789 Moves: 25 Dungeon seed: 5kJwv2DeMCpaoHqQ Game ID: FIQ_1498600381 Your Inventory: Coins $ - 789 gold pieces Weapons a - 45 blessed +2 darts (in quiver) Armor e - an uncursed +0 Hawaiian shirt (being worn) Comestibles b - 6 uncursed food rations c - an uncursed eucalyptus leaf d - an uncursed egg f - 2 uncursed candy bars g - an uncursed orange h - an uncursed cream pie Scrolls k - 2 uncursed scrolls of magic mapping l - 2 blessed scrolls of magic mapping Potions i - a blessed potion of extra healing j - an uncursed potion of extra healing r - a cursed potion of healing s - a cursed potion of blindness t - a cursed potion of fruit juice Wands o - an uncursed wand of secret door detection (0:13) Tools m - an uncursed expensive camera (0:97) n - an uncursed credit card p - an uncursed towel Spells and supernatural/magical abilities: Name Level Category Fail Memory W - pray for help -- divine ? -- Your skills at the end: Miscellaneous Skills wands [Basic] Weapon Skills dart [Basic] Spellcasting Skills Final Attributes: You were devoutly aligned. You had infravision. You were very stealthy. You are dead. Voluntary challenges: You went without food. You did not adorn yourself with jewelry or accessories. You did not cause conflict. You were not invisible. You did not have reflection. You were not displaced. You were an atheist. You never hit with a wielded weapon. You were a pacifist. You did not use tools. You did not use plumbed fixtures. You did not drink any magical draughts. You were illiterate. You never genocided any monsters. You never polymorphed an object. You never changed form. You used no wishes. You never split a pudding. You never wrote Elbereth's name. You never violated your personal moral code. Dungeon overview: The Dungeons of Doom: levels 1 to 11 Level 1 a long staircase Level 2 Level 3 Level 4 Level 5 Level 6 Level 7 Level 8 Level 9 Level 10 Level 11 <- You were here History has recorded: On T:1 you entered the Dungeons of Doom to retrieve the Amulet of Yendor! On T:4 you reached level 2 of The Dungeons of Doom. On T:6 you reached level 3 of The Dungeons of Doom. On T:8 you reached level 4 of The Dungeons of Doom. On T:10 you reached level 5 of The Dungeons of Doom. On T:13 you reached level 6 of The Dungeons of Doom. On T:15 you reached level 7 of The Dungeons of Doom. On T:17 you reached level 8 of The Dungeons of Doom. On T:19 you reached level 9 of The Dungeons of Doom. On T:22 you reached level 10 of The Dungeons of Doom. Score breakdown: Gold: 0 ( 0 points) Experience: 1 level ( 0 points) Exploration: 11 levels ( 300 points) Discoveries: 3 items ( 150 points) Variety of kills: 0 monsters ( 0 points) Major goal: (nothing yet) ( 0 points) Survival: died (score multiplied by 3) Total score: 1350 Latest messages: You dig a pit in the floor. You continue digging downward. You dig a hole through the floor. You fall through... You start digging downward. You continue digging downward. You dig a pit in the floor. You continue digging downward. You dig a hole through the floor. You fall through... That command is only available in debug mode. You have no weapon equipped. You see here a gray stone. You start digging downward. You continue digging downward. You dig a pit in the floor. You continue digging downward. You dig a hole through the floor. You fall through... The adjacent object falls through the hole. You receive a faint telepathic message from Twoflower: Your help is urgently needed at Ankh-Morpork! Look for a ...ic transporter. You couldn't quite make out that last message. The black unicorn butts! You die... Final status: Aloha FIQ the Tourist, killed by a black unicorn... You died in The Dungeons of Doom on dungeon level 11 with 1350 points, and 789 pieces of gold, after 25 moves. You were level 1 with a maximum of 9 hit points when you died.